 Dungeon Crawl Stone Soup version 0.32-a0-450-g080537f31e (webtiles) character file.

Game seed: 12136468609321085711

84 sleeves the Cudgeller (level 4, -1/44 HPs)
             Began as an Oni Gladiator on Feb 23, 2024.
             Slain by an orc
             ... wielding a +0 mace
              (7 damage)
             ... on level 3 of the Dungeon.
             The game lasted 00:05:26 (2465 turns).

sleeves the Cudgeller (Oni Gladiator)               Turns: 2465, Time: 00:05:27

Health: -1/44      AC:  3    Str: 18    XL:     4   Next: 45%
Magic:  4/4        EV: 10    Int: 11    God:
Gold:   62         SH:  0    Dex: 10    Spells: 3/3 levels left

rFire   . . .        a - +0 flail
rCold   . . .        (no shield)
rNeg    + . .        b - +0 robe
rPois   +            c - +0 hat
rElec   .            (no cloak)
rCorr   .            (gloves unavailable)
SInv    .            (boots unavailable)
Will    .....        (no amulet)
Stlth   +            k - ring of poison resistance
HPRegen 0.27/turn    r - ring of positive energy
MPRegen 0.09/turn

%: no passive effects
@: no status effects
A: large, unfitting armour, horns 2, tough skin 1, double potion healing,
drunken brawling, claws 1
a: no special abilities


You were on level 3 of the Dungeon.
You visited 1 branch of the dungeon, and saw 4 of its levels.

You collected 62 gold pieces.

Inventory:

Hand Weapons
 a - a +0 flail (weapon)
Missiles
 d - 3 throwing nets
 e - a large rock
 i - 26 stones (quivered)
 l - 6 datura-tipped darts
 t - 6 poisoned darts
Armour
 b - a +0 robe (worn)
 c - a +0 hat (worn)
Jewellery
 k - a ring of poison resistance (left claw)
   (You found it on level 2 of the Dungeon)
 r - a ring of positive energy (right claw)
   (You found it on level 2 of the Dungeon)
Scrolls
 n - 3 scrolls of poison {unknown}
 o - a scroll of enchant weapon {unknown}
 q - a scroll of immolation {unknown}
 s - a scroll of enchant armour {unknown}
 u - a scroll of identify {unknown}
 w - a scroll of revelation {unknown}
Potions
 f - 2 potions of magic {unknown}
 g - 2 potions of mutation
 h - a potion of cancellation {unknown}
 j - 2 potions of curing {unknown}
 m - a potion of haste {unknown}
 p - a potion of invisibility {unknown}
 v - a potion of heal wounds {unknown}


   Skills:
 - Level 2.6 Fighting
 + Level 5.1 Maces & Flails
 - Level 2.0 Throwing
 - Level 2.6 Dodging


You had 3 spell levels left.
You didn't know any spells.
Your spell library contained the following spells:

 Spells                   Type           Power      Damage    Failure   Level
 Dazzling Flash           Conj/Hex       0%         N/A       71%         3
 Volatile Blastmotes      Fire/Tloc      0%         2d10      71%         3
 Starburst                Conj/Fire      0%         6d3       100%        6
 Maxwell's Capacitive Co  Air            0%         ∞         100%        8


Dungeon Overview and Level Annotations

Branches:
Dungeon (4/15)
 Temple: D:4-7

Altars:
Wu Jian

Shops:
D:1 [**(   D:3 (

Annotations:
D:2 Terence


Innate Abilities, Weirdness & Mutations

You are too large for most types of armour.
You have a pair of horns on your head.
You have tough skin. (AC +1)
You gain doubled healing and magic from potions.
Whenever you drink a healing potion, you attack all around you.
You have sharp fingernails.


Message History

There is an open door here.
A ball python comes into view.
A ball python is nearby!
A ball python is nearby!
A kobold comes into view. It is wielding a +0 club.
The kobold shouts!
The kobold throws a stone.
The stone hits you but does no damage. The ball python closely misses you.
The ball python completely misses you.
You hit the ball python.
You kill the ball python!
The kobold hits you with a +0 club. The kobold completely misses you.
You hit the kobold but do no damage. The kobold misses you.
You closely miss the kobold. The kobold misses you.
You closely miss the kobold. The kobold hits you with a +0 club.
You closely miss the kobold. The kobold hits you but does no damage.
You miss the kobold. Your headbutt misses the kobold.
The kobold barely misses you. The kobold hits you with a +0 club.
You closely miss the kobold. The kobold barely misses you.
You barely miss the kobold. The kobold barely misses you.
You hit the kobold.
You kill the kobold!
No target in view!
No target in view!
Found a stone staircase leading down.
There is a stone staircase leading down here.
There is a stone staircase leading down here. 2 jackals and a quokka come into view.
The jackal barks!
A bat comes into view.
A giant cockroach comes into view.
You closely miss the jackal. The jackal barely misses you.
The jackal bites you.
You barely miss the jackal. Your headbutt misses the jackal.
The jackal closely misses you. x2
You sock the jackal!
You kill the jackal!
No target in view!
No target in view!
A bat is nearby!
Found Bokymn's Armour Shoppe.
The bat completely misses you.
A frilled lizard comes into view.
The giant cockroach attacks as it pursues you!
The giant cockroach bites you but does no damage.
The bat closely misses you. The bat closely misses you.
The giant cockroach attacks as it pursues you!
The giant cockroach completely misses you.
You sock the giant cockroach!
You kill the giant cockroach!
No target in view!
No target in view!
No target in view!
No target in view!
No target in view!
No target in view!
The bat closely misses you. The bat hits you but does no damage.
You barely miss the bat. The bat closely misses you.
The bat hits you but does no damage.
You sock the bat!
You kill the bat!
You thump the quokka!
You kill the quokka!
Your Maces & Flails skill increases to level 4!
You sock the frilled lizard!
You kill the frilled lizard!
You closely miss the jackal. Your headbutt misses the jackal.
The jackal barely misses you.
You hit the jackal.
You kill the jackal!
No target in view!
There is an entrance to Bokymn's Armour Shoppe here.
You can access your shopping list by pressing '$'.
There is a fountain of clear blue water here.
A quokka comes into view.
A quokka is nearby!
A quokka is nearby!
A quokka is nearby!
A quokka is nearby!
A quokka is nearby!
A quokka is nearby!
A quokka is nearby!
A quokka is nearby!
A quokka is nearby!
The quokka bites you.
You hit the quokka but do no damage. You headbutt the quokka.
The quokka is moderately wounded.
The quokka bites you. The quokka closely misses you.
You closely miss the quokka.
The quokka is moderately wounded.
The quokka barely misses you.
You hit the quokka.
The quokka is heavily wounded.
The quokka barely misses you. The quokka closely misses you.
You barely miss the quokka. You headbutt the quokka.
The quokka is almost dead.
The quokka bites you but does no damage.
You closely miss the quokka.
The quokka is almost dead.
The quokka barely misses you. x2
You hit the quokka.
You kill the quokka!
You have reached level 3!
Your experience leads to an increase in your attributes!
Increase (S)trength, (I)ntelligence, or (D)exterity?
You feel clever. x2; You feel stronger.
g - a purple potion You open the door.
Found a faded altar of an unknown god.
There is an open door here.
Found a robe.
You see here a +0 robe.
A kobold comes into view. It is wielding a +0 short sword.
A kobold is nearby!
You closely miss the kobold. You headbutt the kobold.
You kill the kobold!
No target in view!
No target in view!
As you open the door, it creaks loudly!
There is an open door here.
There is an open door here.
You see here a +0 short sword.
A rat comes into view.
The rat squeaks loudly.
A rat is nearby!
A rat is nearby!
You hit the rat.
You kill the rat!
No target in view!
No target in view!
No target in view!
No target in view!
No target in view!
No target in view!
No target in view!
No target in view!
No target in view!
You see here a rat corpse.
An endoplasm comes into view.
An endoplasm is nearby!
An endoplasm is nearby!
The endoplasm quivers.
You sock the endoplasm!
You kill the endoplasm!
No target in view!
No target in view!
No target in view!
No target in view!
No target in view!
Found Voiheb's Antique Weapon Boutique.
There is a fountain of clear blue water here.
There is an entrance to Voiheb's Antique Weapon Boutique here.
There is a fountain of clear blue water here.
There is a fountain of clear blue water here.
There is a fountain of clear blue water here.
You see here a rat corpse.
Found an escape hatch in the floor.
Found Inecurch's General Store.
There is an escape hatch in the floor here.
There is an entrance to Inecurch's General Store here.
You can access your shopping list by pressing '$'.
An endoplasm comes into view.
An endoplasm is nearby!
An endoplasm is nearby!
An endoplasm is nearby!
The endoplasm quivers.
You hit the endoplasm.
The endoplasm is lightly wounded.
The endoplasm hits you.
You hit the endoplasm.
You kill the endoplasm!
No target in view!
No target in view!
No target in view!
No target in view!
No target in view!
A hobgoblin comes into view.
Found 6 stones.
A hobgoblin is nearby!
A hobgoblin is nearby!
Found a runed sling.
The hobgoblin shouts!
You closely miss the hobgoblin. The hobgoblin closely misses you.
The hobgoblin barely misses you.
You barely miss the hobgoblin. The hobgoblin barely misses you.
You barely miss the hobgoblin. You headbutt the hobgoblin.
The hobgoblin is heavily wounded.
The hobgoblin hits you but does no damage.
You hit the hobgoblin.
You kill the hobgoblin!
No target in view!
No target in view!
No target in view!
No target in view!
No target in view!
No target in view!
No target in view!
You see here a +2 sling of flaming.
Found 4 stones.
You see here 4 stones.
A bat comes into view.
A bat is nearby!
The bat hits you but does no damage.
You miss the bat. The bat hits you.
You closely miss the bat. The bat misses you. The bat barely misses you.
You barely miss the bat. The bat hits you but does no damage.
The bat barely misses you. The bat closely misses you.
The bat hits you but does no damage. The bat hits you but does no damage.
A bat is nearby!
A bat is nearby!
The bat closely misses you. The bat hits you but does no damage.
You sock the bat!
You kill the bat!
No target in view!
No target in view!
No target in view!
No target in view!
No target in view!
No target in view!
No target in view!
No target in view!
A rat comes into view.
The rat squeaks loudly.
A rat is nearby!
A rat is nearby!
A rat is nearby!
The rat barely misses you.
You closely miss the rat. You headbutt the rat.
You kill the rat!
No target in view!
No target in view!
No target in view!
No target in view!
No target in view!
An endoplasm comes into view.
An endoplasm is nearby!
An endoplasm is nearby!
A rat comes into view.
The endoplasm quivers.
The rat squeaks loudly.
You sock the endoplasm!
You kill the endoplasm!
The rat bites you but does no damage.
You sock the rat!
You kill the rat!
No target in view!
No target in view!
No target in view!
No target in view!
No target in view!
No target in view!
No target in view!
No target in view!
No target in view!
No target in view!
No target in view!
No target in view!
No target in view!
No target in view!
h - a viscous brown potion As you open the door, it creaks loudly!
There is an open door here.
Found a stone staircase leading down.
There is a stone staircase leading down here.
g - 3 purple potions (gained 2)
Found 4 stones.
You see here 4 stones.
Found a stone staircase leading down.
A bat comes into view.
A bat is nearby!
A bat is nearby!
The bat barely misses you. The bat hits you but does no damage.
You barely miss the bat. The bat misses you.
You hit the bat.
You kill the bat!
No target in view!
No target in view!
No target in view!
No target in view!
No target in view!
No target in view!
No target in view!
No target in view!
Search for what [? for help]? stone
There is an escape hatch in the floor here.
There is an entrance to Inecurch's General Store here.
There are no items here.
Search for what [Enter for "stone", or ? for help]?
You see here 4 stones.
i - 4 stones
i - 10 stones (gained 6)
i - 14 stones (gained 4)
i - 16 stones (gained 2)
You see here a +0 club.
i - 22 stones (gained 6)
You see here a bat skeleton.
There is a stone staircase leading down here.
j - a smoky pink potion A goblin comes into view.
It is wielding a +0 dagger.
The goblin shouts!
A goblin is nearby!
A goblin is nearby!
A goblin is nearby!
A goblin is nearby!
The goblin hits you with a +0 dagger.
You completely miss the goblin. The goblin hits you but does no damage.
You hit the goblin.
You kill the goblin!
No target in view!
No target in view!
No target in view!
No target in view!
No target in view!
No target in view!
You see here a +0 dagger.
Done exploring.
Done exploring.
Done exploring.
Search for what [Enter for "stone", or ? for help]? faded
There is a faded altar of an unknown god here.
This altar belongs to (a) Cheibriados, (b) Zin or (c) Okawaru, but you can't tell which.
Press the corresponding letter to learn more about a god, or press enter to convert or escape to cancel.
Okay, then.
Unknown command.
Press < or > to pray at altars.
This altar belongs to (a) Cheibriados, (b) Zin or (c) Okawaru, but you can't tell which.
Press the corresponding letter to learn more about a god, or press enter to convert or escape to cancel.
Okay, then.
Unknown command.
Press < or > to pray at altars.
Unknown command.
Press < or > to pray at altars.
There is an abandoned shop here.
There is a stone staircase leading down here.
You climb downwards.
Found 6 datura-tipped darts.
There is a stone staircase leading up here.
Found a war axe.
You see here a +0 war axe.
k - a ring of poison resistance An adder and an endoplasm come into view.
The endoplasm quivers.
The endoplasm jiggles.
The endoplasm hits you.
You hit the endoplasm but do no damage.
You headbutt the endoplasm, but do no damage.
The endoplasm barely misses you.
You hit the endoplasm but do no damage. The endoplasm freezes you.
You are frozen.
You hit the endoplasm.
You kill the endoplasm!
The adder bites you but does no damage.
You closely miss the adder. Your headbutt misses the adder.
The adder bites you.
You are poisoned.
The adder poisons you!
You sock the adder!
You kill the adder!
You feel sick.
No target in view!
No target in view!
No target in view!
No target in view!
No target in view!
No target in view!
No target in view!
No target in view!
No target in view!
No target in view!
No target in view!
Search for what [Enter for "faded", or ? for help]? dart You feel sick.
You see here an adder corpse.
You feel sick.
You are no longer poisoned.
You see here 6 datura-tipped darts.
l - 6 datura-tipped darts HP restored.
You open the door.
There is an open door here.
A malevolent force fills the Dungeon...
You fall into a shaft and drop 1 floor!
The shaft crumbles and collapses.
A rat comes into view.
A rat is nearby!
No target in view!
No target in view!
Found a dagger.
No target in view!
No target in view!
A ball python comes into view.
You see here a +0 dagger.
The helpless ball python fails to defend itself.
You hit the ball python.
You kill the ball python!
No target in view!
You see here a +0 dagger.
A kobold comes into view. It is wielding a +0 dagger.
You see here a smoky pink potion.
A kobold is nearby!
A kobold is nearby!
You closely miss the kobold. The kobold barely misses you.
You closely miss the kobold. The kobold closely misses you.
You hit the kobold.
You kill the kobold!
No target in view!
j - 2 smoky pink potions (gained 1)
i - 27 stones (gained 5)
Things that are here:
a +0 dagger; a kobold corpse A ball python comes into view.
A ball python is nearby!
A ball python is nearby!
The ball python hisses angrily.
You hit the ball python.
You kill the ball python!
No target in view!
You see here a ball python corpse.
A ball python comes into view.
A ball python is nearby!
Found a golden potion.
You hit the ball python.
You kill the ball python!
No target in view!
Found an ornate altar of the Wu Jian Council.
m - a golden potion
n - 3 scrolls labelled QOIWAO PEGUSOUMYG
Found a stone staircase leading up.
There is a stone staircase leading up here.
You climb upwards.
There is a stone staircase leading down here.
A hobgoblin comes into view.
The hobgoblin shouts!
The hobgoblin moves out of view.
Found a scroll labelled KONAEPR DIQEIM.
A hobgoblin is nearby!
A hobgoblin is nearby!
The hobgoblin hits you.
You hit the hobgoblin.
You kill the hobgoblin!
No target in view!
HP restored.
You see here a hobgoblin corpse.
o - a scroll labelled KONAEPR DIQEIM A quokka comes into view.
A quokka is nearby!
You completely miss the quokka. Your headbutt misses the quokka.
The quokka closely misses you.
You sock the quokka!
You kill the quokka!
You see here a quokka corpse.
A gnoll comes into view. It is wielding a +0 spear.
Found a scroll labelled ZUADU VENUNAJI.
No reachable target in view!
A gnoll is nearby!
No reachable target in view!
You see here a quokka corpse.
A frilled lizard comes into view.
Found 4 stones.
The frilled lizard bites you.
You miss the frilled lizard. You headbutt the frilled lizard.
The frilled lizard is heavily wounded.
The frilled lizard closely misses you.
You barely miss the frilled lizard.
The frilled lizard is heavily wounded.
The frilled lizard bites you but does no damage.
You miss the frilled lizard.
The frilled lizard is heavily wounded.
The frilled lizard bites you.
You barely miss the frilled lizard. You headbutt the frilled lizard.
You kill the frilled lizard!
No target in view!
i - 31 stones (gained 4)
A hobgoblin comes into view.
Found a bubbling pink potion.
A hobgoblin is nearby!
A hobgoblin is nearby!
The hobgoblin closely misses you.
You hit the hobgoblin.
The hobgoblin is heavily wounded.
The hobgoblin closely misses you. x2
You thump the hobgoblin!
You kill the hobgoblin!
No target in view!
No target in view!
No target in view!
No target in view!
i - 35 stones (gained 4)
A rat comes into view.
Found a stone staircase leading down.
You see here a bubbling pink potion.
A rat is nearby!
A rat is nearby!
Found a scroll labelled RET FAGEEMMYM.
A hobgoblin comes into view.
The rat squeaks loudly.
You closely miss the rat. The rat bites you but does no damage.
You closely miss the rat. The rat barely misses you.
The hobgoblin shouts!
You hit the rat.
You kill the rat!
You hit the hobgoblin. Your headbutt misses the hobgoblin.
The hobgoblin is lightly wounded.
The hobgoblin hits you.
You hit the hobgoblin. You headbutt the hobgoblin.
You kill the hobgoblin!
You have reached level 4!
p - a bubbling pink potion
q - a scroll labelled RET FAGEEMMYM You open the door.
There is an open door here.
r - a ring of positive energy A rat comes into view.
A rat is nearby!
You barely miss the rat. The rat bites you.
You sock the rat!
You kill the rat!
No target in view!
No target in view!
Found a stone staircase leading up. 3 gnolls come into view.
The gnoll shouts! x3
A hobgoblin comes into view.
The gnoll hits the plant with a +0 spear!
The plant begins to die.
You hear a shout!
The gnoll hits the plant with a +0 flail!
The plant begins to die.
A gnoll is nearby!
There is an open door here.
A gnoll is nearby!
There is a stone staircase leading down here.
Throw: 35 stones
Press: ? - help, Q - select action, (/) - cycle Shift-Dir - straight line, f - gnoll
Aim: a gnoll, wielding a +0 halberd (58% to hit)
You throw a stone. The stone hits the gnoll.
The gnoll is lightly wounded.
Throw: 34 stones
Press: ? - help, Q - select action, (/) - cycle Shift-Dir - straight line, f/p - gnoll
Aim: a gnoll, wielding a +0 halberd (lightly wounded, 58% to hit)
You throw a stone. The stone barely misses the gnoll.
The stone hits the hobgoblin.
The hobgoblin is severely wounded.
Throw: 33 stones
Press: ? - help, Q - select action, (/) - cycle Shift-Dir - straight line, f/p - gnoll
Aim: a gnoll, wielding a +0 halberd (lightly wounded, 58% to hit)
You throw a stone.
The stone hits the gnoll but does no damage.
The gnoll is lightly wounded.
The gnoll hits you from afar with a +0 halberd!
You climb downwards.
The kobold shouts!
You hear a shout!
Found a ring mail.
There is a stone staircase leading up here.
Throw: 32 stones
Press: ? - help, Q - select action, (/) - cycle Shift-Dir - straight line, f - frilled lizard
Aim: a frilled lizard (32% to hit)
You throw a stone. The stone hits the frilled lizard.
You kill the frilled lizard!
The kobold throws a stone.
The stone hits you.
Throw: 31 stones
Press: ? - help, Q - select action, (/) - cycle Shift-Dir - straight line, f - kobold
Aim: a kobold, wielding a +0 short sword (45% to hit)
You throw a stone. The stone closely misses the kobold.
Throw: 30 stones
Press: ? - help, Q - select action, (/) - cycle Shift-Dir - straight line, f/p - kobold
Aim: a kobold, wielding a +0 short sword (45% to hit)
You throw a stone. The stone barely misses the kobold.
An orc comes into view. It is wielding a +0 falchion.
The kobold throws a stone.
The stone hits you but does no damage.
Throw: 29 stones
Press: ? - help, Q - select action, (/) - cycle Shift-Dir - straight line, f/p - kobold
Aim: a kobold, wielding a +0 short sword (45% to hit)
You throw a stone. The stone hits the kobold.
The kobold is severely wounded.
The kobold throws a stone.
The stone hits you.
A bat comes into view.
An endoplasm comes into view.
The kobold barely misses you.
The endoplasm quivers.
The kobold attacks as it pursues you! The kobold misses you.
The bat attacks as it pursues you! The bat barely misses you.
The bat closely misses you.
You hit the endoplasm. You headbutt the endoplasm.
You kill the endoplasm!
The bat hits you.
Throw: 28 stones
Press: ? - help, Q - select action, (/) - cycle Shift-Dir - straight line, f/p - kobold
Aim: a kobold, wielding a +0 short sword (severely wounded, 45% to hit)
You throw a stone. The stone completely misses the kobold.
The stone hits the bat but does no damage.
You hit the kobold.
You kill the kobold!
The bat hits you but does no damage.
Throw: 27 stones
Press: ? - help, Q - select action, (/) - cycle Shift-Dir - straight line, f - bat
Aim: a bat (37% to hit)
You throw a stone. The stone barely misses the bat.
The stone closely misses the orc.
The stone closely misses the kobold.
The bat hits you but does no damage.
Throw: 26 stones
Press: ? - help, Q - select action, (/) - cycle Shift-Dir - straight line, f/p - bat
Aim: a bat (37% to hit)
You throw a stone. The stone hits the bat.
The bat is heavily wounded.
The bat hits you but does no damage.
Throw: 25 stones
Press: ? - help, Q - select action, (/) - cycle Shift-Dir - straight line, f/p - bat
Aim: a bat (heavily wounded, 37% to hit)
You throw a stone. The stone hits the bat.
The bat is severely wounded.
The bat hits you but does no damage.
Throw: 24 stones
Press: ? - help, Q - select action, (/) - cycle Shift-Dir - straight line, f/p - bat
Aim: a bat (heavily wounded, 37% to hit)
You throw a stone. The stone hits the bat.
The bat is severely wounded.
The bat closely misses you.
Throw: 23 stones
Press: ? - help, Q - select action, (/) - cycle Shift-Dir - straight line, f - orc, p - bat
Aim: an orc, wielding a +0 falchion and wearing a +0 leather armour (54% to hit)
You throw a stone. The stone closely misses the bat.
The stone hits the orc but does no damage.
The bat hits you but does no damage.
Throw: 22 stones
Press: ? - help, Q - select action, (/) - cycle Shift-Dir - straight line, f/p - orc
Aim: an orc, wielding a +0 falchion and wearing a +0 leather armour (54% to hit)
You throw a stone. The stone closely misses the bat.
The stone hits the orc.
The orc is moderately wounded.
The bat closely misses you.
Throw: 21 stones
Press: ? - help, Q - select action, (/) - cycle Shift-Dir - straight line, f/p - orc
Aim: an orc, wielding a +0 falchion and wearing a +0 leather armour (moderately wounded, 54% to hit)
You throw a stone. The stone hits the bat.
You kill the bat!
Throw: 20 stones
Press: ? - help, Q - select action, (/) - cycle Shift-Dir - straight line, f/p - orc
Aim: an orc, wielding a +0 falchion and wearing a +0 leather armour (moderately wounded, 54% to hit)
You throw a stone. The stone hits the orc.
The orc is severely wounded.
You hit the orc.
You kill the orc!
Throw: 19 stones
Press: ? - help, Q - select action, (/) - cycle Shift-Dir - straight line, f - kobold
Aim: a kobold, wielding a +0 dagger and quivering stones (45% to hit)
You throw a stone. The stone closely misses the kobold.
You sock the kobold!
You kill the kobold!
A hobgoblin comes into view.
Items here: ( ))) [ ††.
The hobgoblin shouts!
You closely miss the hobgoblin. The hobgoblin barely misses you.
You thump the hobgoblin!
You kill the hobgoblin!
No target in view!
Okay, then.
Unknown command.
Unknown command.
Unknown command.
Unknown command.
Unknown command.
Unknown command.
k - a ring of poison resistance (left hand)
r - a ring of positive energy (right hand)
Okay, then.
Unknown command.
Unknown command.
Unknown command.
HP restored.
i - 22 stones (gained 4)
Items here: ))) [ ††.
A frilled lizard comes into view.
The frilled lizard hisses angrily.
You closely miss the frilled lizard.
The frilled lizard completely misses you.
You hit the frilled lizard.
You kill the frilled lizard!
No target in view!
No target in view!
No target in view!
No target in view!
No target in view!
No target in view!
No target in view!
No target in view!
No target in view!
No target in view!
You see here a frilled lizard corpse.
Found a halberd.
Key pressed, stopping explore.
Key pressed, stopping explore.
A kobold comes into view. It is wielding a +0 short sword.
A kobold is nearby!
The kobold shouts!
Found a ring mail.
You hit the kobold.
You kill the kobold!
No target in view!
No target in view!
No target in view!
No target in view!
No target in view!
No target in view!
No target in view!
No target in view!
No target in view!
No target in view!
No target in view!
No target in view!
You see here a +0 short sword.
Found Potevutz's Weapon Shop.
A hobgoblin comes into view.
The hobgoblin shouts!
The hobgoblin throws a stone.
The stone closely misses you.
A hobgoblin is nearby!
You see here a +0 ring mail.
Found a scroll labelled QESEHA LIOWO.
You sock the hobgoblin!
You kill the hobgoblin!
No target in view!
i - 29 stones (gained 7)
s - a scroll labelled QESEHA LIOWO
Found a robe.
Found a dagger.
You see here a +0 ring mail.
There is an entrance to Potevutz's Weapon Shop here.
You can access your shopping list by pressing '$'.
You see here a +0 ring mail.
A bat comes into view.
Found 2 stones.
A bat is nearby!
A bat is nearby!
The bat misses you.
You hit the bat.
You kill the bat!
No target in view!
A ball python comes into view.
The ball python hisses angrily.
The ball python closely misses you.
You barely miss the ball python. Your headbutt misses the ball python.
The ball python barely misses you.
You barely miss the ball python. You headbutt the ball python.
The ball python is severely wounded.
The ball python bites you but does no damage.
You closely miss the ball python.
The ball python is severely wounded.
The ball python closely misses you. The ball python bites you.
You sock the ball python!
You kill the ball python!
Your Maces & Flails skill increases to level 5!
No target in view!
No target in view!
No target in view!
i - 31 stones (gained 2)
Found a dagger.
i - 35 stones (gained 4)
Found a stone staircase leading down.
You now have 24 gold pieces (gained 6).
Found 6 poisoned darts.
There is a stone staircase leading down here.
You see here 6 poisoned darts.
t - 6 poisoned darts
Found a hand axe.
u - a scroll labelled MATEESSU TETO A ball python comes into view.
The ball python hisses angrily.
The ball python bites you but does no damage.
You see here a +0 hand axe.
You hit the ball python.
You kill the ball python!
No target in view!
No target in view!
You see here a +0 hand axe.
Found a stone staircase leading down.
A goblin comes into view. It is wielding a +0 club.
A goblin is nearby!
Found 10 gold pieces.
The goblin shouts!
You see here a fizzy red potion.
You closely miss the goblin. The goblin barely misses you.
You hit the goblin.
The goblin is severely wounded.
The goblin hits you but does no damage.
A frilled lizard comes into view.
The goblin hits you with a +0 club.
You barely miss the goblin.
The goblin is severely wounded.
The frilled lizard hisses angrily.
The goblin hits you but does no damage.
You hit the goblin.
You kill the goblin!
The frilled lizard bites you.
You see here a +0 club.
You hit the frilled lizard.
Your headbutt misses the frilled lizard.
The frilled lizard is heavily wounded.
The frilled lizard bites you but does no damage.
You closely miss the frilled lizard.
The frilled lizard is heavily wounded.
The frilled lizard closely misses you.
You closely miss the frilled lizard.
The frilled lizard is heavily wounded.
The frilled lizard misses you.
The frilled lizard bites you but does no damage.
You barely miss the frilled lizard. You headbutt the frilled lizard.
You kill the frilled lizard!
No target in view!
No target in view!
A hobgoblin comes into view.
A hobgoblin is nearby!
A hobgoblin is nearby!
The hobgoblin shouts!
You barely miss the hobgoblin. The hobgoblin hits you.
You barely miss the hobgoblin. The hobgoblin barely misses you.
You barely miss the hobgoblin. The hobgoblin barely misses you.
You sock the hobgoblin!
You kill the hobgoblin!
No target in view!
No target in view!
You now have 28 gold pieces (gained 4).
v - a fizzy red potion You see here a hobgoblin corpse.
Found a stone staircase leading up.
You now have 38 gold pieces (gained 10).
A ribbon worm comes into view.
You throw a stone.
The stone hits the ribbon worm but does no damage.
You throw a stone.
The stone hits the ribbon worm but does no damage.
You throw a stone.
The stone completely misses the ribbon worm.
You throw a stone. The stone hits the ribbon worm.
The ribbon worm is lightly wounded.
The ribbon worm expels a string of sticky webbing.
The stream of webbing hits you but does no damage.
You are caught in a web!
You cannot throw/fire anything while caught in a web.
The web tears apart.
You throw a stone.
The stone hits the ribbon worm but does no damage.
You throw a stone.
The stone hits the ribbon worm but does no damage.
You throw a stone. The stone hits the ribbon worm.
The ribbon worm is lightly wounded.
You throw a stone.
The stone barely misses the ribbon worm.
You throw a stone. The stone hits the ribbon worm.
The ribbon worm is moderately wounded.
You sock the ribbon worm!
The ribbon worm is severely wounded.
The ribbon worm bites you.
You hit the ribbon worm. Your headbutt misses the ribbon worm.
The ribbon worm is severely wounded.
The ribbon worm expels a string of sticky webbing.
The stream of webbing hits you but does no damage.
You are caught in a web!
You are caught in a web!
You are caught in a web!
You are caught in a web!
The web tears apart.
The ribbon worm misses you.
You hit the ribbon worm but do no damage.
The ribbon worm is severely wounded.
You hit the ribbon worm.
You kill the ribbon worm!
Okay, then.
You see here a ribbon worm corpse.
There is a stone staircase leading up here.
You climb upwards.
Found 24 gold pieces.
There is a stone staircase leading down here.
You now have 51 gold pieces (gained 13).
You now have 62 gold pieces (gained 11).
w - a scroll labelled ZUADU VENUNAJI A hobgoblin is nearby!
You closely miss the hobgoblin. The hobgoblin closely misses you.
You barely miss the hobgoblin. Your headbutt misses the hobgoblin.
The hobgoblin hits you.
You closely miss the hobgoblin. The hobgoblin hits you.
You closely miss the hobgoblin. The hobgoblin hits you.
You closely miss the hobgoblin. The hobgoblin hits you.
You barely miss the hobgoblin. The hobgoblin barely misses you.
The hobgoblin hits you.
You barely miss the hobgoblin. The hobgoblin barely misses you.
You hit the hobgoblin. You headbutt the hobgoblin.
The hobgoblin is severely wounded.
The hobgoblin barely misses you.
You hit the hobgoblin.
The hobgoblin is severely wounded.
The hobgoblin closely misses you.
You barely miss the hobgoblin.
The hobgoblin is severely wounded.
The hobgoblin barely misses you.
You barely miss the hobgoblin.
The hobgoblin is severely wounded.
The hobgoblin barely misses you.
You hit the hobgoblin but do no damage.
The hobgoblin is severely wounded.
The hobgoblin barely misses you. The hobgoblin closely misses you.
You thump the hobgoblin!
You kill the hobgoblin!
No target in view!
No target in view!
HP restored.
You see here a hobgoblin corpse.
You see here a rat skeleton.
An endoplasm comes into view.
An endoplasm is nearby!
The endoplasm freezes you.
You are frozen.
You hit the endoplasm but do no damage. The endoplasm barely misses you.
You barely miss the endoplasm. The endoplasm freezes you.
You are frozen.
You hit the endoplasm.
You headbutt the endoplasm, but do no damage.
The endoplasm is lightly wounded.
The endoplasm hits you but does no damage.
You hit the endoplasm.
The endoplasm is almost dead.
The endoplasm closely misses you.
You hit the endoplasm.
You kill the endoplasm!
No target in view!
A ball python comes into view.
A ball python is nearby!
The ball python hisses angrily.
The ball python closely misses you.
You closely miss the ball python. The ball python closely misses you.
You hit the ball python.
You kill the ball python!
No target in view!
A goblin comes into view. It is wielding a +0 dagger.
The goblin shouts!
A goblin is nearby!
You closely miss the goblin. The goblin hits you with a +0 dagger.
You hit the goblin.
You kill the goblin!
No target in view!
Found a stone staircase leading up.
Terence and a ball python come into view.
The ball python hisses angrily.
You hear a shout!
A kobold comes into view.
It is wielding a +0 dagger and quivering poisoned darts.
There are monsters nearby!
Terence shouts!
There is a stone staircase leading down here.
The ball python bites you but does no damage.
You climb downwards.
There is a stone staircase leading up here.
You hit the ball python.
You kill the ball python!
No target in view!
Found a stone staircase leading down.
There is a stone staircase leading down here.
You see here a ball python skeleton.
Done exploring.
Done exploring.
Done exploring.
There is a stone staircase leading down here.
You climb downwards.
The orc shouts! x4
Found 15 gold pieces, a glass wand and a dagger.
Found a stone staircase leading down.
There is a stone staircase leading up here.
There are monsters nearby!
The orc priest invokes the aid of Beogh against you.
Beogh smites you! The orc hits you with a +0 flail!
* * * LOW HITPOINT WARNING * * *
The orc priest shouts, "Beogh offers mercy even to people such as you.
Join us and be reborn!" (press Y on the ability menu to convert to Beogh)
You climb upwards.
There is a stone staircase leading down here.
Unknown command.
Unknown command.
Unknown command.
Unknown command.
Unknown command.
Unknown command.
Unknown command.
Unknown command.
Unknown command.
You closely miss the orc. The orc barely misses you.
The orc hits you with a +0 flail!
* * * LOW HITPOINT WARNING * * *
You completely miss the orc. You headbutt the orc.
The orc is lightly wounded.
The orc closely misses you. The orc hits you with a +0 flail.
* * * LOW HITPOINT WARNING * * *
You barely miss the orc. Your headbutt misses the orc.
The orc is lightly wounded.
The orc closely misses you. The orc misses you.
You closely miss the orc.
The orc is lightly wounded.
The orc barely misses you. The orc hits you with a +0 flail.
* * * LOW HITPOINT WARNING * * *
It was a potion of mutation.
You feel extremely strange.
Your fingernails lengthen.
The horns on your head grow some more. The orc barely misses you.
The orc hits you with a +0 mace!
You die...

####### #.....#
###############.....#
#...........o@o.....#
##.#############.....# ###)...#
#.....# .....#.# ###.###
###.##.#############.############
#.##..........................#
#.################............#
#.# ####.........# #.#
#........<#


You could see 2 orcs.

Vanquished Creatures
  An adder (D:2)
  A dart slug (D:1)
  A ribbon worm (D:3)
  An orc (D:3)
  10 ball pythons
  7 bats
  7 endoplasms
  A giant cockroach (D:1)
  4 goblins
  8 hobgoblins
  2 jackals (D:1)
  7 kobolds
  3 quokkas
  6 frilled lizards
  6 rats
65 creatures vanquished.

Notes
Turn   | Place    | Note
-------+----------+-------------------------------------------
     0 | D:1      | sleeves the Oni Gladiator began the quest for the Orb.
     0 | D:1      | Reached XP level 1. HP: 22/22 MP: 1/1
    91 | D:1      | Reached XP level 2. HP: 27/29 MP: 2/2
   264 | D:1      | Found Tiwax's Assorted Antiques.
   346 | D:1      | Found Bokymn's Armour Shoppe.
   358 | D:1      | Reached skill level 4 in Maces & Flails
   391 | D:1      | Reached XP level 3. HP: 33/36 MP: 3/3
   441 | D:1      | Found a faded altar of an unknown god.
   544 | D:1      | Found Voiheb's Antique Weapon Boutique.
   735 | D:1      | Found Inecurch's General Store.
  1416 | D:2      | You fall into a shaft and drop 1 floor!
  1469 | D:3      | Found an ornate altar of the Wu Jian Council.
  1603 | D:2      | Reached XP level 4. HP: 43/44 MP: 4/4
  1795 | D:3      | Found Potevutz's Weapon Shop.
  1934 | D:3      | Reached skill level 5 in Maces & Flails
  2312 | D:2      | Noticed Terence
  2459 | D:4      | HP: 22/44 [orc/+0 flail (9)]
  2462 | D:3      | HP: 8/44 [orc/+0 flail (6)]
  2465 | D:3      | Gained mutation: You have sharp fingernails. [potion of
                  | mutation]
  2465 | D:3      | Gained mutation: You have a pair of horns on your head.
                  | [potion of mutation]
  2465 | D:3      | Slain by an orc

Illustrated notes

Levels and vault maps discovered:
D:1:      dpeg_arrival_rooms_with_view, layout_basic, serial_shops,
          shop_fountains, shop_statue,
          nicolae_shop_temple_entry_statues_fountains,
          nicolae_shop_real_fake_doors, ebering_ecumenical_altar_abandoned,
          serial_bayou_pond_e
D:2:      layout_basic, nicolae_grassy_gnolls, uniq_terence
D:3:      layout_loops_ring, nzn_wu_jian_council_hall, serial_shops,
          nicolae_shop_tiny_waterfront
D:4:      minmay_chambers_of_twos, layout_basic, temple_hall,
          minmay_misc_feat_doors, nicolae_wormholes

Skill      XL: |  1  2  3  4 |
---------------+-------------+-----
Maces & Flails | 4 5 |  5.1
Fighting       | |  2.6
Throwing       | |  2.0
Dodging        | |  2.6

Action                     |  1- 3 |  4- 6 || total
---------------------------+-------+-------++-------
  Melee: Flail             |    93 |    61 ||   154
         Headbutt          |    12 |     6 ||    18
  Throw: Stone             |       |    26 ||    26
    Use: Potion            |       |     1 ||     1
   Stab: Sleeping          |     1 |       ||     1
 Armour: Robe              |    55 |    35 ||    90
  Dodge: Dodged            |    63 |    38 ||   101

Table legend: (Time is in decaauts)
 A = Elapsed time spent in this place.
 B = Non-inter-level travel time spent in this place.
 C = Inter-level travel time spent in this place.
 D = Time resting spent in this place.
 E = Time spent auto-exploring this place.
 F = Levels seen in this place.
 G = Mean time per level.
                   A        B        C        D        E       F      G
               +--------+--------+--------+--------+--------+-----+--------+
         Total |   2491 |   2319 |    172 |      0 |   1815 |   4 |  622.8 |
       Dungeon |   2491 |   2319 |    172 |      0 |   1815 |   4 |  622.8 |
               +--------+--------+--------+--------+--------+-----+--------+

Top non-repeatable levels by time:
     D:1: 1301 daAuts
     D:3: 724 daAuts
     D:2: 463 daAuts
     D:4: 1 daAuts
